 Dungeon Crawl Stone Soup version 0.19.1 (webtiles) character file.

469 Damokl the Sneak (level 7, -7/32 HPs)
             Began as a Vine Stalker Enchanter on Nov 26, 2016.
             Mangled by newuser's ghost (22 damage)
             ... on level 4 of the Dungeon.
             The game lasted 00:20:39 (3600 turns).

Damokl the Sneak (Vine Stalker Enchanter)           Turns: 3600, Time: 00:20:40

Health: -7/32      AC:  3    Str: 10    XL:     7   Next: 9%
Magic:  0/14       EV: 12    Int: 15    God:
Gold:   198        SH:  0    Dex: 20    Spells: 3 memorised, 6 levels left

rFire  . . .     SeeInvis .     h - +2 dagger (venom)
rCold  . . .     Gourm    .     b - +1 robe
rNeg   . . .     Faith    .     (no shield)
rPois  .         Spirit   +     (no helmet)
rElec  .         Reflect  .     (no cloak)
rCorr  .         Harm     .     (no gloves)
MR     .....                    (no boots)
Stlth  ++++......               (no amulet)
                                (no ring)
                                q - +3 ring of dexterity

@: no status effects
A: fangs 2, regeneration 1, magic shield, antimagic bite, no device heal 3, rot
immunity
a: no special abilities


You were on level 4 of the Dungeon.
You were hungry.

You visited 1 branch of the dungeon, and saw 4 of its levels.

You collected 198 gold pieces.

Inventory:

Hand Weapons
 a - a +1 dagger
 h - a +2 dagger of venom (weapon)
Armour
 b - a +1 robe (worn)
 t - a +0 pair of boots
Jewellery
 p - an uncursed ring of flight
 q - a +3 ring of dexterity (left hand)
Scrolls
 e - 2 scrolls of identify
 m - a scroll of enchant weapon {unknown}
 o - a scroll of teleportation
 r - a scroll of magic mapping {unknown}
Potions
 g - a potion of might {unknown}
 i - 5 potions of curing
 j - a potion of berserk rage {unknown}
 n - a potion of cancellation {unknown}
 s - a potion of brilliance {unknown}
Books
 c - a book of Maledictions

   Spells                             Type                      Level
   a - Corona                         Hexes                        1
   b - Ensorcelled Hibernation        Hexes/Ice                    2
   c - Confuse                        Hexes                        3
   d - Tukima's Dance                 Hexes                        3
   e - Dazzling Spray                 Conjuration/Hexes            3
Comestibles
 d - a bread ration
 f - a slice of pizza
 k - 4 fruits
 l - a beef jerky


   Skills:
 - Level 0.3 Fighting
 - Level 0.8 Short Blades
 - Level 1.5 Dodging
 * Level 7.4 Stealth
 + Level 4.1 Spellcasting
 + Level 4.6 Hexes


You had 6 spell levels left.
You knew the following spells:

 Your Spells              Type           Power        Failure   Level  Hunger
a - Confuse               Hex            ###.....     10%         3    ###....
b - Ensorcelled Hibernat  Hex/Ice        ##....       12%         2    ##.....
c - Tukima's Dance        Hex            ###.....     10%         3    ###....


Dungeon Overview and Level Annotations

Branches:
Dungeon (4/15)
 Temple: D:4-7

Altars:
Elyvilon
Zin
The Shining One

Annotations:
D:4 newuser's ghost, amateur GrGl


Innate Abilities, Weirdness & Mutations

You have extremely sharp teeth.
Your natural rate of healing is unusually fast.
When hurt, damage is shared between your health and your magic reserves.
Your bite disrupts and absorbs the magic of your enemies.
Potions and wands cannot restore your health.
You are immune to rotting.


Message History

You hit newuser's ghost but do no damage.
Your bite misses newuser's ghost.
You hit newuser's ghost but do no damage.
You bite newuser's ghost, but do no damage.
You hit newuser's ghost but do no damage.
You see here 2 green potions.
Newuser's ghost seems less confused.
Newuser's ghost hits you.
You hit newuser's ghost but do no damage.
Newuser's ghost hits you!!
Casting: Confuse
Confirm with . or Enter, or press ? or * to list all spells.
Aiming: Confuse
Press: ? - help, Shift-Dir - straight line, f/p - newuser's ghost
Aim: newuser's ghost (chance to defeat MR: 30%) Newuser's ghost easily resists.
You are feeling hungry.
Newuser's ghost stares at you. Newuser's ghost hits you!!
Ouch! That really hurt!
You die...

#.#.# .... #.#.. .#.#
######.#.. ...
.......#.. ##!.
.........( ##..#
..........
##...###########.##
#W.................
#.@..# #######.##
##...## #.# ##!†.##
#.# ##...#########.##
#...)...........
.......#.#########.##
.?#..#.#..# #.#
#.....#(# #.#
#.....#.## #.#


You could see newuser's ghost.

Vanquished Creatures
  Grinder (D:4)
  A bullfrog (D:3)
  4 gnolls (D:2)
  7 adders
  3 dart slugs
  4 worms (D:2)
  7 leopard geckos
  An orc (D:3)
  5 bats
  8 giant cockroaches
  14 goblins
  6 hobgoblins
  3 jackals
  3 quokkas
  A ball python (D:3)
  3 frilled lizards
  8 kobolds
  A leopard gecko skeleton (D:4)
  5 rats
85 creatures vanquished.

Notes
Turn   | Place    | Note
-------+----------+-------------------------------------------
     0 | D:1      | Damokl the Vine Stalker Enchanter began the quest for the Orb.
     0 | D:1      | Reached XP level 1. HP: 9/9 MP: 4/4
   357 | D:1      | Reached XP level 2. HP: 13/13 MP: 4/6
   365 | D:1      | Reached skill level 4 in Stealth
   836 | D:1      | Reached XP level 3. HP: 17/17 MP: 7/7
   964 | D:2      | Learned a level 3 spell: Confuse
  1049 | D:2      | Found a glowing silver altar of Zin.
  1049 | D:2      | Found a white marble altar of Elyvilon.
  1050 | D:2      | Found a glowing golden altar of the Shining One.
  1693 | D:2      | Reached skill level 5 in Stealth
  1693 | D:2      | Gained mutation: Your natural rate of healing is unusually fast. [Vine Stalker growth]
  1693 | D:2      | Reached XP level 4. HP: 21/21 MP: 9/9
  2354 | D:2      | Reached XP level 5. HP: 9/25 MP: 0/10
  2648 | D:2      | Learned a level 2 spell: Ensorcelled Hibernation
  2652 | D:2      | Learned a level 3 spell: Tukima's Dance
  2963 | D:3      | Found a glowing drain.
  3027 | D:3      | Reached skill level 6 in Stealth
  3196 | D:3      | Reached XP level 6. HP: 16/29 MP: 8/12
  3479 | D:4      | Noticed Grinder
  3485 | D:4      | Killed Grinder
  3485 | D:4      | Reached skill level 7 in Stealth
  3485 | D:4      | Reached XP level 7. HP: 24/32 MP: 8/14
  3570 | D:4      | Noticed newuser's ghost (amateur GrGl)
  3600 | D:4      | Mangled by newuser's ghost

Skill      XL: |  1  2  3  4  5  6 |
---------------+-------------------+-----
Stealth        | 4 5 6 7 |  7.4
Spellcasting   | 3 4 |  4.1
Hexes          | 4 |  4.6
Fighting       | |  0.3
Short Blades   | |  0.8
Dodging        | |  1.5

Action                   |  1- 3 |  4- 6 |  7- 9 || total
-------------------------+-------+-------+-------++-------
Melee: Dagger            |    90 |   136 |    12 ||   238
       Bite              |    22 |    37 |     3 ||    62
 Cast: Corona            |     2 |       |       ||     2
       Confuse           |     4 |    13 |     3 ||    20
  Use: Scroll            |     6 |     4 |       ||    10
 Stab: Sleeping          |     4 |    21 |       ||    25
       Confused          |       |     2 |       ||     2
       Distracted        |       |     1 |       ||     1
  Eat: Fruit             |     2 |     2 |       ||     4
       Chunk             |     1 |     6 |       ||     7
Armor: Robe              |    16 |     4 |     2 ||    22
Dodge: Dodged            |    48 |    56 |     4 ||   108
